 Dungeon Crawl Stone Soup version 0.17.0 (webtiles) character file.

259762 Horrz the Warrior (level 19, -11/184 HPs)
             Began as a Minotaur Fighter on Nov 7, 2015.
             Was the Champion of Okawaru.
             Mangled by a stone giant (47 damage)
             ... on level 3 of the Vaults.
             The game lasted 05:11:33 (40499 turns).

Horrz the Warrior (Minotaur Fighter)               Turns: 40499, Time: 05:11:33

Health: -11/184    AC: 45    Str: 31    XL:     19   Next: 15%
Magic:  0/20       EV: 13    Int: 11    God:    Okawaru [******]
Gold:   1642       SH:  0    Dex: 11    Spells: 0 memorised, 18 levels left

rFire  . . .     SeeInvis .     s - +2 great mace (crush)
rCold  + + .     Clarity  .     S - +8 ice dragon armour "Pamnekka" {rF- rC++ Regen+ Str+4 Int-2}
rNeg   + . .     SustAt   .     (shield currently unavailable)
rPois  +         Gourm    .     (helmet unavailable)
rElec  .         Spirit   +     n - +2 cloak {+Inv}
rCorr  .         Warding  .     G - +1 pair of gloves of the Kangaroo {*Drain rN+ Str+2 Int+5}
rMut   .         Stasis   .     z - +2 pair of boots of the Assassin {DetectMon Stab+ Stlth++}
MR     +....                    W - amulet of guardian spirit
Stlth  +++.......               P - ring of protection from fire
                                k - +6 ring of protection

@: heroism, somewhat resistant to hostile enchantments, fairly stealthy
A: retaliatory headbutt, horns 3, thin metallic scales 1, low mp 1, poison
resistance, evolution 1, MP-powered wands
a: Heroism, Finesse, Renounce Religion, Evoke Invisibility
}: 2/15 runes: barnacled, gossamer


You were on level 3 of the Vaults.
You worshipped Okawaru.
Okawaru was exalted by your worship.
You were not hungry.

You visited 7 branches of the dungeon, and saw 37 of its levels.
You also visited: Volcano.

You collected 3439 gold pieces.
You spent 1797 gold pieces at shops.

Inventory:

Hand Weapons
 b - a +4 dire flail of protection
 m - a +5 triple crossbow
 r - the +1 great mace of Distraction {vamp, *Drain rN+ MR+ MP+9 Stlth+}
   (Okawaru gifted it to you on level 4 of the Spider Nest)

   It inflicts no extra harm, but heals its wielder somewhat when it strikes a
   living foe.
   It protects you from negative energy.
   It affects your resistance to hostile enchantments.
   It affects your magic capacity (+9).
   It causes draining when unequipped.
   It makes you more stealthy.
 s - a +2 great mace of crushing (weapon)
 w - the +7 arbalest "Beastbane" {flame, rElec rC- MR++ MP+9}
   (You found it on level 5 of the Lair of Beasts)

   It causes projectiles fired from it to burn those they strike, causing extra
   injury to most foes and up to half again as much damage against particularly
   susceptible opponents.
   It makes you vulnerable to cold.
   It insulates you from electricity.
   It affects your resistance to hostile enchantments.
   It affects your magic capacity (+9).
 D - a +2 great mace of holy wrath
Missiles
 A - 248 bolts
 J - 28 bolts of flame
 L - 16 steel bolts
 M - 113 silver bolts
 N - 26 bolts of penetration
 U - 128 bolts of frost
Armour
 c - a +2 large shield of reflection
 n - a +2 cloak of invisibility (worn)
 v - a +0 plate armour of poison resistance
 z - the +2 pair of boots of the Assassin (worn) {DetectMon Stab+ Stlth++}
   (You found it on level 1 of the Shoals)

   It makes you much more stealthy.
 G - the +1 pair of gloves of the Kangaroo (worn) {*Drain rN+ Str+2 Int+5}
   (You found it on level 4 of the Shoals)

   It affects your strength (+2).
   It affects your intelligence (+5).
   It protects you from negative energy.
   It causes draining when unequipped.
 S - the +8 ice dragon armour "Pamnekka" (worn) {rF- rC++ Regen+ Str+4 Int-2}
   (You bought it in a shop on level 1 of the Shoals)

   It affects your strength (+4).
   It affects your intelligence (-2).
   It makes you vulnerable to fire.
   It greatly protects you from cold.
   It increases your rate of regeneration.
 Z - the +0 mask of the Dragon {MR+ Slay+3 SInv}
   (You found it on level 3 of the Lair of Beasts)

   It affects your accuracy and damage with ranged weapons and melee attacks
   (+3).
   It affects your resistance to hostile enchantments.
   It lets you see invisible.
Jewellery
 a - an uncursed amulet of regeneration
 k - a +6 ring of protection (left hand)
 u - a +4 ring of evasion
 P - a ring of protection from fire (right hand)
 R - an uncursed amulet of resist corrosion
 W - an amulet of guardian spirit (around neck)
 X - an uncursed ring of flight
Wands
 g - a wand of teleportation (9)
 q - a wand of cold (9)
 y - a wand of flame (34)
 C - a wand of fireball (8)
 H - a wand of polymorph (11)
 K - a wand of paralysis (8)
 O - a wand of confusion (30)
 Q - a wand of slowing (38)
Scrolls
 f - 13 scrolls of identify
 h - a scroll of fear
 o - 13 scrolls of remove curse
 p - 5 scrolls of fog
 t - 4 scrolls of teleportation
 T - 2 scrolls of blinking
 V - 2 scrolls of summoning
 Y - 2 scrolls of holy word
Potions
 d - 8 potions of might
 j - 11 potions of curing
 x - 8 potions of brilliance
 E - 2 potions of flight
 I - a potion of cancellation
Comestibles
 e - 24 bread rations
 i - 8 royal jellies
 l - 19 meat rations
 B - 12 beef jerkies


   Skills:
 + Level 19.7(24.7) Fighting
 * Level 19.7(24.7) Maces & Flails
 + Level 15.4(20.4) Crossbows
 + Level 18.0(23.0) Armour
 - Level 13.2(18.2) Shields
 - Level 1.0(6.0) Unarmed Combat
 - Level 7.0 Invocations
 + Level 5.8 Evocations


You had 18 spell levels left.
You didn't know any spells.

Dungeon Overview and Level Annotations

Branches:
Dungeon (15/15)            Temple (1/1) D:5            Lair (6/8) D:9
 Shoals (4/4) Lair:3       Spider (4/4) Lair:6          Orc (4/4) D:10
    Elf (0/3) Orc:3        Vaults (3/5) D:14          Crypt (0/3) Vaults:2
 Depths (0/5) D:15
  Slime: Lair:6-8

Altars:
Ashenzari
Cheibriados
Dithmenos
Elyvilon
Fedhas
Gozag
Kikubaaqudgha
Makhleb
Nemelex Xobeh
Okawaru
Qazlal
Ru
Sif Muna
Trog
Vehumet
Xom
Yredelemnul
Zin
The Shining One

Shops:
Orc:4 *%(   Shoals:1 [[(   Shoals:4 ?   Vaults:1 :   Vaults:3 :

Annotations:
D:14 exclusion: Roxanne, Roxanne


Innate Abilities, Weirdness & Mutations

You reflexively headbutt those who attack you in melee.
You have a pair of large horns on your head.
You are partially covered in thin metallic scales (AC +2).
Your magical capacity is low (-10% MP).
Your system is resistant to poisons.
You evolve.
You expend magic power (3 MP) to strengthen your wands.


Message History

The stone giant hits you!
* * * LOW HITPOINT WARNING * * *
You bludgeon the centaur!!
The centaur is almost dead.
The centaur unwields an uncursed shortbow.
The centaur completely misses you.
You sock the centaur!
You kill the centaur!
Okawaru accepts your kill. The stone giant hits you!!
* * * LOW HITPOINT WARNING * * *
You bludgeon the stone giant!! You headbutt the stone giant.
The stone giant is heavily wounded.
The stone giant hits you!
* * * LOW HITPOINT WARNING * * *
The ironbrand convoker points at the stone giant and mumbles some strange words.
The stone giant seems to grow stronger.
Drink which item? (? for menu, Esc to quit)
You feel better. The stone giant hits you!!!
You die...

.# #....# ## #....'
########
#####....###############
........
.........|(.(...........
........
(........(..............
........
(........(..............
........
....(..(().....)........
########
#####...(#######'#######
#..@)# #.††......
{#.C).# #.(.###... # {
#.p..# #..#.###.. #
#(...# #.#...#### #
)(...# #.##...## #
.#....# #.###...## #
..#....# #..###..># # ..
#....# #...###..# #
#...# ####


You could see a stone giant and an ironbrand convoker.

Vanquished Creatures
  Mennas (Vaults:2)
  Boris (Vaults:3)
  Arachne (Spider:3)
  A tentacled monstrosity (Vaults:3)
  Asterion (Spider:4)
  Ilsuiw (Shoals:4)
  A frost giant (Vaults:3)
  An orc warlord (Orc:2)
  6 ghost moths
  Louise (D:14)
  6 vault wardens
  9 ironheart preservers
  6 emperor scorpions (Spider:4)
  5 stone giants
  A deep elf demonologist (Vaults:3)
  2 salamander stormcallers (Vaults:2)
  Azrael (D:13)
  2 deep elf annihilators (Vaults:3)
  A dire elephant (D:15)
  Snorg (Orc:4)
  8 merfolk impalers
  5 merfolk javelineers
  7 vault guards
  3 fire dragons
  3 yaktaur captains
  An entropy weaver (Spider:2)
  2 rakshasas
  2 great orbs of eyes
  Fannar (Lair:2)
  Harold (Lair:3)
  An ice dragon (Lair:5)
  The ghost of Clownie the Unseen, a journeyman OpAs of Nemelex Xobeh (Lair:1)
  A catoblepas (D:13)
  A merfolk avatar (Shoals:4)
  2 hydras
  6 ogre magi
  The ghost of SkyBlueFox the Whirler, a journeyman HaHu of Okawaru (D:10)
  2 satyrs (Shoals:4)
  5 merfolk aquamancers
  2 dancing weapons (D:14)
  8 centaur warriors
  2 deep troll shamans (Vaults:2)
  A tengu warrior (D:15)
  2 orc high priests (Orc:4)
  Urug (D:11)
  Sonja (Lair:1)
  2 fire crabs
  A deep elf knight (Vaults:2)
  6 unseen horrors
  A shadow wraith (Vaults:1)
  4 skeletal warriors (D:15)
  6 deep trolls
  2 wizards
  A deep troll (shapeshifter) (D:15)
  5 sea snakes
  13 harpies
  A necromancer (Vaults:1)
  4 ironbrand convokers
  Pikel (D:7)
  8 orc knights
  A lindwurm (Lair:4)
  7 hill giants
  13 orb spiders
  8 griffons
  19 wolf spiders
  3 water nymphs (Shoals:4)
  20 ugly things
  4 cyclopes
  5 hornets
  A moth of wrath (Spider:4)
  2 rust devils (Orc:4)
  4 black mambas
  5 centaur zombies
  7 vault sentinels
  8 manticores
  15 elephants
  8 sirens
  A smoke demon (Volcano)
  7 spiny frogs
  5 toenail golems (Volcano)
  2 torpor snails
  A komodo dragon (shapeshifter) (D:15)
  2 human zombies (Vaults:1)
  A naga mage (D:15)
  20 yaktaurs
  A fire drake (Lair:2)
  5 komodo dragons
  The ghost of Yendor the Covert, a novice OpAs of Ashenzari (D:5)
  A kobold demonologist (D:14)
  10 demonic crawlers
  A freezing wraith (Vaults:2)
  A tengu conjurer (D:15)
  A deep elf priest (Vaults:3)
  A red devil (Volcano)
  15 two-headed ogres
  2 blue devils (Orc:4)
  5 trolls
  A troll (shapeshifter) (Vaults:3)
  A polar bear (Lair:4)
  A sphinx simulacrum (Vaults:1)
  28 merfolk
  A queen bee (Spider:1)
  6 snapping turtles
  A tengu simulacrum (Vaults:1)
  A two-headed ogre (shapeshifter) (Vaults:3)
  16 jumping spiders
  8 slime creatures
  10 blink frogs
  4 boulder beetles
  A vampire (D:15)
  48 redbacks
  3 deep elf magi
  13 tarantellas
  3 wyverns
  7 water elementals
  22 trapdoor spiders
  A human simulacrum (Vaults:1)
  6 hippogriffs
  3 shadows
  A basilisk (Lair:3)
  25 yaks
  4 fire elementals (D:13)
  18 vampire mosquitoes
  2 chaos spawn (Orc:4)
  3 wraiths
  9 deep elf fighters
  3 mottled dragons
  A hungry ghost (D:9)
  A warg (D:15)
  9 porcupines
  3 hell hounds (D:13)
  16 wolves
  A soldier ant (shapeshifter) (D:14)
  10 water moccasins
  A black bear (D:7)
  4 sky beasts
  37 orc warriors
  21 spiders
  5 ice beasts
  29 ogres
  2 necrophages
  An eye of draining (D:14)
  4 phantoms
  4 big kobolds
  25 centaurs
  20 crocodiles
  Blork the orc (Orc:2)
  17 giant frogs
  A water moccasin zombie (D:8)
  9 wights
  27 killer bees
  2 scorpions
  4 electric eels
  8 crimson imps
  A quasit (D:8)
  A giant frog zombie (D:8)
  2 giant frog skeletons
  6 jellies
  6 centaur skeletons
  30 orc priests
  26 orc wizards
  10 hounds
  14 iguanas
  3 worker ants
  13 sheep
  3 gnolls (D:6)
  48 river rats
  2 worker ant zombies
  5 shadow imps
  17 adders
  An ooze (D:4)
  2 adder skeletons
  3 adder zombies
  4 worms
  12 giant geckos
  157 orcs
  4 ball pythons
  8 bats
  7 giant cockroaches
  6 hobgoblins
  13 jackals
  2 quokkas
  18 giant newts
  15 goblins
  24 kobolds
  11 rats
  A fungus (D:9)
1375 creatures vanquished.

Vanquished Creatures (collateral kills)
  3 elephants (Lair:3)
  A black mamba (Lair:3)
  2 blink frogs (Lair:3)
  An iguana (Lair:3)
  5 river rats (Lair:3)
12 creatures vanquished.

Vanquished Creatures (others)
  A wizard (D:10)
  A slave (D:7)
  A scorpion (D:7)
  A worker ant (D:7)
  An adder (D:7)
  A fire vortex (Vaults:2)
  6 fungi
  5 plants
17 creatures vanquished.

Grand Total: 1404 creatures vanquished

Notes
Turn   | Place    | Note
--------------------------------------------------------------
     0 | D:1      | Horrz the Minotaur Fighter began the quest for the Orb.
     0 | D:1      | Reached XP level 1. HP: 19/19 MP: 0/0
   149 | D:1      | Reached XP level 2. HP: 24/26 MP: 1/1
  1067 | D:2      | Reached skill level 4 in Maces & Flails
  1083 | D:2      | Reached XP level 3. HP: 27/31 MP: 2/2
  1216 | D:2      | Reached skill level 5 in Maces & Flails
  1309 | D:2      | Found a faded altar to an unknown god.
  1438 | D:2      | Reached XP level 4. HP: 39/39 MP: 3/3
  1646 | D:3      | Reached skill level 6 in Maces & Flails
  1702 | D:3      | Reached XP level 5. HP: 28/45 MP: 4/4
  2073 | D:3      | Found a shattered altar of Ashenzari.
  2158 | D:3      | Found a white marble altar of Elyvilon.
  2443 | D:3      | Reached skill level 7 in Maces & Flails
  2584 | D:4      | Reached XP level 6. HP: 49/51 MP: 5/5
  2725 | D:4      | Reached skill level 8 in Maces & Flails
  3141 | D:4      | Noticed a sky beast
  3156 | D:4      | Killed a sky beast
  3156 | D:4      | Reached skill level 9 in Maces & Flails
  3156 | D:4      | Reached XP level 7. HP: 50/57 MP: 6/6
  3250 | D:4      | Found a sacrificial altar of Ru.
  3291 | D:5      | Entered Level 5 of the Dungeon
  3352 | D:5      | Reached skill level 10 in Maces & Flails
  3365 | D:5      | Found a staircase to the Ecumenical Temple.
  3370 | D:5      | Noticed Yendor's ghost (novice OpAs)
  3385 | D:5      | Killed Yendor's ghost
  3385 | D:5      | Reached skill level 11 in Maces & Flails
  3396 | D:5      | Reached XP level 8. HP: 51/64 MP: 7/7
  3402 | Temple   | Entered the Ecumenical Temple
  3672 | Temple   | Became a worshipper of Warmaster Okawaru
  3799 | D:5      | Found a basalt altar of Yredelemnul.
  3902 | D:5      | Found a stormy altar of Qazlal.
  4444 | D:6      | Reached skill level 12 in Maces & Flails
  4492 | D:6      | Reached * piety under Okawaru
  4558 | D:6      | Reached skill level 5 in Armour
  4558 | D:6      | Reached skill level 5 in Shields
  4807 | D:6      | Got a distressingly furry leather armour
  4818 | D:6      | Identified the +3 leather armour "Cofo" {rN++} (You found it on level 6 of the Dungeon)
  4875 | D:6      | Reached XP level 9. HP: 73/73 MP: 8/8
  4979 | D:7      | Noticed Pikel
  4992 | D:7      | Killed Pikel
  4992 | D:7      | Reached ** piety under Okawaru
  4992 | D:7      | Reached skill level 5 in Fighting
  5684 | D:7      | Found a blossoming altar of Fedhas.
  5774 | D:7      | Reached skill level 13 in Maces & Flails
  6245 | D:8      | Found a snail-covered altar of Cheibriados.
  6524 | D:8      | Reached *** piety under Okawaru
  6548 | D:9      | Reached XP level 10. HP: 86/86 MP: 9/9
  6621 | D:9      | Found a glowing golden altar of the Shining One.
  6803 | D:9      | Found a staircase to the Lair.
  6995 | D:9      | Noticed a komodo dragon
  7011 | D:9      | Killed a komodo dragon
  7449 | D:9      | Reached **** piety under Okawaru
  8171 | D:10     | Entered Level 10 of the Dungeon
  8179 | D:10     | Noticed a hill giant
  8191 | D:10     | Killed a hill giant
  8668 | D:10     | Noticed SkyBlueFox's ghost (journeyman HaHu)
  8879 | D:10     | Reached skill level 14 in Maces & Flails
  9001 | D:10     | Killed SkyBlueFox's ghost
  9001 | D:10     | Reached XP level 11. HP: 59/95 MP: 7/10
  9220 | D:10     | Found a staircase to the Orcish Mines.
  9428 | Lair:1   | Entered Level 1 of the Lair of Beasts
  9468 | Lair:1   | Noticed Sonja
  9481 | Lair:1   | Killed Sonja
  9481 | Lair:1   | Received a gift from Okawaru
  9881 | Lair:1   | Noticed Clownie's ghost (journeyman OpAs)
  9933 | Lair:1   | Killed Clownie's ghost
 10586 | Lair:2   | Noticed Fannar
 10604 | Lair:2   | Killed Fannar
 10604 | Lair:2   | Reached skill level 10 in Armour
 10757 | Lair:2   | Noticed a seven-headed hydra
 10769 | Lair:2   | Killed a seven-headed hydra
 10769 | Lair:2   | Reached skill level 10 in Shields
 10799 | Lair:2   | Reached ***** piety under Okawaru
 10801 | Lair:2   | Reached skill level 10 in Fighting
 11077 | Lair:2   | Found a dark tunnel.
 11087 | Lair:2   | Received a gift from Okawaru
 11267 | Volcano  | Entered a volcano
 11448 | Volcano  | Reached skill level 15 in Maces & Flails
 11813 | Lair:2   | Reached XP level 12. HP: 73/107 MP: 11/11
 12414 | Lair:2   | Reached skill level 1 in Invocations
 12544 | Lair:2   | Received a gift from Okawaru
 13406 | Lair:3   | Found a staircase to the Shoals.
 13460 | Lair:3   | Received a gift from Okawaru
 14153 | Lair:3   | Noticed Harold
 14167 | Lair:3   | Killed Harold
 14753 | Lair:4   | Reached XP level 13. HP: 105/119 MP: 5/15
 15596 | Lair:5   | Got a smoking arbalest
 15610 | Lair:5   | Identified the +7 arbalest "Beastbane" {flame, rElec rC- MR++ MP+9} (You found it on level 5 of the Lair of Beasts)
 15999 | Lair:5   | Reached skill level 1 in Unarmed Combat
 16015 | Lair:5   | Reached skill level 5 in Invocations
 16418 | Lair:5   | Reached skill level 1 in Crossbows
 17015 | Lair:6   | Received a gift from Okawaru
 17738 | Lair:6   | Found a hole to the Spider Nest.
 18292 | Orc:1    | Entered Level 1 of the Orcish Mines
 18378 | Orc:2    | Noticed Blork the orc
 18395 | Orc:2    | Killed Blork the orc
 19004 | Orc:3    | Found a staircase to the Elven Halls.
 19383 | Orc:2    | Noticed an orc warlord
 19405 | Orc:2    | Killed an orc warlord
 19805 | Orc:4    | Entered Level 4 of the Orcish Mines
 19805 | Orc:4    | Noticed Snorg
 19822 | Orc:4    | Killed Snorg
 19822 | Orc:4    | Received a gift from Okawaru
 19945 | Orc:4    | Found Ninogy's Antique Weapon Boutique.
 19953 | Orc:4    | Bought a glowing morningstar for 144 gold pieces
 20141 | Orc:4    | Found Muozisa's Food Boutique.
 20165 | Orc:4    | Found Dankeipp's General Store.
 20182 | Orc:4    | HP: 3/125 [orc priest/divine providence (12)]
 20918 | Orc:4    | Reached XP level 14. HP: 133/133 MP: 16/16
 21067 | Orc:4    | Gained mutation: Your magical capacity is low (-10% MP). [potion of mutation]
 21067 | Orc:4    | Gained mutation: Your system is resistant to poisons. [potion of mutation]
 21509 | Orc:4    | Received a gift from Okawaru
 21524 | Orc:4    | Gained mutation: You expend magic power (3 MP) to strengthen your wands. [a neqoxec]
 21678 | D:10     | Found a bloodstained altar of Trog.
 21747 | D:10     | Noticed an unseen horror
 21753 | D:10     | Killed an unseen horror
 21753 | D:10     | Reached skill level 15 in Fighting
 21960 | D:10     | Noticed a wizard
 21963 | D:10     | Killed a wizard
 22210 | D:11     | Gained mutation: You evolve. [potion of beneficial mutation]
 22275 | D:11     | Noticed Urug
 22289 | D:11     | Killed Urug
 22969 | D:12     | Reached skill level 5 in Crossbows
 23133 | D:12     | Received a gift from Okawaru
 23631 | D:13     | Noticed Azrael
 23647 | D:13     | Killed Azrael
 24273 | D:14     | Reached skill level 16 in Fighting
 24311 | D:14     | Noticed Louise
 24335 | D:14     | Killed Louise
 24421 | D:14     | Noticed Roxanne
 24855 | D:14     | Found a gate to the Vaults.
 25071 | D:15     | Entered Level 15 of the Dungeon
 25239 | D:15     | Found a staircase to the Depths.
 25269 | D:15     | Reached ****** piety under Okawaru
 25269 | D:15     | Reached skill level 15 in Armour
 25278 | D:15     | Found a white marble altar of Elyvilon.
 25323 | D:15     | Reached XP level 15. HP: 121/145 MP: 12/15
 25332 | D:15     | Received a gift from Okawaru
 25980 | D:15     | Reached skill level 17 in Fighting
 26737 | Spider:1 | Entered Level 1 of the Spider Nest
 27578 | Spider:2 | Got a smelly ring mail
 27589 | Spider:2 | Identified the +2 ring mail of Imaeref {Regen+} (You found it on level 2 of the Spider Nest)
 27732 | Spider:2 | Received a gift from Okawaru
 28214 | Spider:2 | Received a gift from Okawaru
 29467 | Spider:3 | Received a gift from Okawaru
 29808 | Spider:3 | Noticed Arachne
 29831 | Spider:3 | Killed Arachne
 29831 | Spider:3 | Reached skill level 10 in Crossbows
 29831 | Spider:3 | Reached skill level 1 in Evocations
 30104 | Spider:3 | Reached skill level 18 in Fighting
 30118 | Spider:3 | Reached XP level 16. HP: 125/157 MP: 2/16
 30531 | Spider:4 | Entered Level 4 of the Spider Nest
 30695 | Spider:4 | Noticed Asterion
 30703 | Spider:4 | Killed Asterion
 31497 | Spider:4 | Received a gift from Okawaru
 31574 | Spider:4 | Gained mutation: You are partially covered in thin metallic scales (AC +2). [evolution]
 32239 | Spider:4 | Received a gift from Okawaru
 32353 | Spider:4 | Got a gossamer rune of Zot
 32451 | Spider:4 | Received a gift from Okawaru
 32460 | Spider:4 | Got a crude great mace {god gift}
 32470 | Spider:4 | Identified the +1 great mace of Distraction {vamp, *Drain rN+ MR+ MP+9 Stlth+} (Okawaru gifted it to you on level 4 of the Spider Nest)
 33077 | Shoals:1 | Entered Level 1 of the Shoals
 33077 | Shoals:1 | Found Ruetziwn's Weapon Shop.
 33332 | Shoals:1 | Found Qaepulia's Antique Armour Emporium.
 33337 | Shoals:1 | Got a scorched crystal amulet
 33339 | Shoals:1 | Identified the amulet of the Queen {Gourm Int+4} (You found it on level 1 of the Shoals)
 33352 | Shoals:1 | Found Veckep's Armour Shop.
 33361 | Shoals:1 | Bought the +8 ice dragon armour "Pamnekka" {rF- rC++ Regen+ Str+4 Int-2} for 1617 gold pieces
 34350 | Shoals:3 | Received a gift from Okawaru
 34588 | Shoals:3 | Reached XP level 17. HP: 143/166 MP: 14/18
 34837 | Shoals:4 | Entered Level 4 of the Shoals
 35210 | Shoals:4 | Found Yculor's Magic Scroll Shop.
 35227 | Shoals:4 | Bought a scroll of fog for 36 gold pieces
 35290 | Shoals:4 | Got a pair of twisted gloves
 35296 | Shoals:4 | Identified the +1 pair of gloves of the Kangaroo {*Drain rN+ Str+2 Int+5} (You found it on level 4 of the Shoals)
 35361 | Shoals:4 | Received a gift from Okawaru
 35469 | Shoals:4 | Noticed Ilsuiw
 35506 | Shoals:4 | Killed Ilsuiw
 35596 | Shoals:4 | Received a gift from Okawaru
 35721 | Shoals:4 | Received a gift from Okawaru
 35795 | Shoals:4 | Received a gift from Okawaru
 35859 | Shoals:4 | Got a barnacled rune of Zot
 36311 | Vaults:1 | Entered Level 1 of the Vaults
 36526 | Vaults:1 | Received a gift from Okawaru
 36692 | Vaults:1 | Received a gift from Okawaru
 36855 | Vaults:1 | Found Ugrijouck's Book Shoppe.
 36942 | Vaults:1 | Received a gift from Okawaru
 36950 | Vaults:1 | Reached skill level 19 in Fighting
 37072 | Vaults:1 | Received a gift from Okawaru
 37138 | Vaults:1 | Reached XP level 18. HP: 151/176 MP: 18/19
 37268 | Vaults:1 | Gained mutation: You have a pair of large horns on your head. [evolution]
 38270 | Vaults:2 | Found a staircase to the Crypt.
 38398 | Vaults:2 | Received a gift from Okawaru
 38478 | Vaults:2 | Received a gift from Okawaru
 38653 | Vaults:2 | Received a gift from Okawaru
 38741 | Vaults:2 | Noticed Mennas
 38777 | Vaults:2 | Killed Mennas
 38777 | Vaults:2 | Received a gift from Okawaru
 39025 | Vaults:2 | Reached skill level 5 in Evocations
 39517 | Vaults:3 | Found Vibop's Book Shoppe.
 39572 | Vaults:3 | Noticed Boris
 39584 | Vaults:3 | Killed Boris
 39584 | Vaults:3 | Reached skill level 15 in Crossbows
 39642 | Vaults:3 | Received a gift from Okawaru
 39796 | Vaults:3 | Received a gift from Okawaru
 40100 | Vaults:3 | Reached XP level 19. HP: 151/184 MP: 17/20
 40499 | Vaults:3 | Mangled by a stone giant

Action                   |  1- 3 |  4- 6 |  7- 9 | 10-12 | 13-15 | 16-18 | 19-21 || total
-------------------------+-------+-------+-------+-------+-------+-------+-------++-------
Melee: Flail             |   100 |    61 |   377 |   467 |   677 |       |       ||  1682
       Morningstar       |       |   111 |       |   591 |   117 |       |       ||   819
       Whip              |       |       |    99 |       |       |       |       ||    99
       Dire flail        |       |       |       |       |   663 |   361 |       ||  1024
       Great mace        |       |       |       |       |       |   703 |    55 ||   758
 Fire: Arbalest          |       |       |       |       |   191 |   348 |    27 ||   566
Invok: Heroism           |       |       |     1 |    13 |    15 |    12 |     3 ||    44
       Finesse           |       |       |       |       |     1 |     5 |     1 ||     7
  Use: Scroll            |       |     8 |       |     9 |    12 |     9 |       ||    38
       Potion            |       |       |     1 |     2 |    14 |    12 |     1 ||    30
 Stab: Sleeping          |       |       |     1 |       |       |     4 |       ||     5
       Invisible         |       |       |       |       |     5 |       |       ||     5
  Eat: Chunk             |     2 |     5 |    12 |    24 |    43 |    15 |     3 ||   104
       Fruit             |       |       |       |     2 |     5 |     5 |       ||    12
       Royal jelly       |       |       |       |     1 |       |     6 |       ||     7
       Pizza             |       |       |       |       |     3 |     2 |       ||     5
       Meat ration       |       |       |       |       |       |     1 |       ||     1
